[Event "November 21 Early 2023"]
[Site "https://www.chess.com"]
[Date "2023.11.21"]
[Round "2"]
[White "seasidesunset"]
[Black "Begunov, Konstantin"]
[Result "1-0"]
[Board "228"]
[TimeControl "180+1"]
[BlackFideId "4118510"]
[WhiteElo "2161"]
[BlackElo "1989"]
[BlackTeam "RUS"]
[WhiteClock "0:01:09"]
[BlackClock "0:01:37"]

1. c4 c6 2. Qa4 e5 3. Nc3 f5 4. g3 Nf6 5. Bg2 d6 6. e3 Be6 7. Nge2 Nbd7 8. d4 Nb6 9. Qc2 Nxc4 10. O-O Be7 11. b3 Nb6 12. Bb2 e4 13. Nf4 Bf7 14. Rad1 O-O 15. d5 Nbxd5 16. Nfxd5 Nxd5 17. Nxd5 Bxd5 18. Rxd5 cxd5 19. Qd2 Bf6 20. Qxd5+ Kh8 21. Ba3 Be5 22. Bh3 Qa5 23. Qxa5 b6 24. Qd5 Rac8 25. Rc1 Rxc1+ 26. Bxc1 g6 27. Ba3 Rf6 28. Bf1 Kg7 29. Bc4 a6 30. Bxa6 Rf7 31. Bc4 Rc7 32. Bxd6 1-0

[Event "November 21 Early 2023"]
[Site "https://www.chess.com"]
[Date "2023.11.21"]
[Round "2"]
[White "Kopczynski, Michal"]
[Black "Hartikainen, Jarmo"]
[Result "1-0"]
[Board "229"]
[TimeControl "180+1"]
[WhiteFideId "1124200"]
[BlackFideId "503134"]
[WhiteElo "2174"]
[BlackElo "2148"]
[WhiteTeam "POL"]
[BlackTeam "FIN"]
[WhiteClock "0:01:59"]
[BlackClock "0:00:03"]

1. e4 c5 2. d4 cxd4 3. c3 d5 4. exd5 Qxd5 5. cxd4 Nc6 6. Nf3 Bg4 7. Be2 e6 8. Nc3 Qa5 9. O-O Nf6 10. h3 Bh5 11. Be3 Be7 12. Qb3 Qb4 13. Qxb4 Nxb4 14. Bb5+ Kd8 15. Ne5 a6 16. Ba4 Nbd5 17. Rac1 Rc8 18. g4 Bg6 19. h4 h6 20. h5 Nxc3 21. Rxc3 Rxc3 22. bxc3 Bxh5 23. gxh5 Kc8 24. Nxf7 Rf8 25. Ne5 Nxh5 26. Bd1 Nf4 27. Bg4 Kc7 28. Rb1 Kd8 29. Rxb7 h5 30. Bxf4 hxg4 31. Nc6+ 1-0

[Event "November 21 Early 2023"]
[Site "https://www.chess.com"]
[Date "2023.11.21"]
[Round "2"]
[White "Berezin, Viktor"]
[Black "Semenova, Alina"]
[Result "1-0"]
[Board "230"]
[TimeControl "180+1"]
[WhiteFideId "14107872"]
[BlackFideId "24113875"]
[WhiteElo "2310"]
[BlackElo "1827"]
[WhiteTeam "UKR"]
[BlackTeam "RUS"]
[WhiteClock "0:00:21"]
[BlackClock "0:00:00"]

1. Nf3 d5 2. c4 e6 3. g3 Nf6 4. Bg2 Be7 5. O-O O-O 6. b3 c5 7. Bb2 Nbd7 8. d4 dxc4 9. bxc4 cxd4 10. Qxd4 Nc5 11. Qe3 Qc7 12. Nc3 a6 13. Rfd1 b6 14. a4 Bb7 15. a5 Rfd8 16. axb6 Qxb6 17. Rdb1 Qc7 18. Ba3 Rab8 19. Bb4 Ng4 20. Qf4 Qxf4 21. gxf4 Kf8 22. Ba5 Rdc8 23. h3 Nf6 24. Ne5 Bxg2 25. Kxg2 Rxb1 26. Rxb1 Nfe4 27. Nxe4 Nxe4 28. Rb7 f6 29. Nd7+ Ke8 30. Nb6 Rc6 31. Ra7 Nd6 32. Rxa6 Nxc4 33. Ra8+ Kf7 34. Nc8 Bf8 35. Ra7+ Ke8 36. Bc7 Bc5 37. Rb7 Kd7 38. Nb6+ 1-0

[Event "November 21 Early 2023"]
[Site "https://www.chess.com"]
[Date "2023.11.21"]
[Round "2"]
[White "Levine, David"]
[Black "Khromkin, Andrey"]
[Result "0-1"]
[Board "231"]
[TimeControl "180+1"]
[WhiteFideId "2011611"]
[BlackFideId "4154126"]
[WhiteElo "2145"]
[BlackElo "2454"]
[WhiteTeam "USA"]
[BlackTeam "RUS"]
[WhiteClock "0:01:19"]
[BlackClock "0:01:04"]

1. d4 d5 2. c4 dxc4 3. e4 e5 4. Nf3 Bb4+ 5. Nc3 exd4 6. Qxd4 Qxd4 7. Nxd4 Nf6 8. f3 a6 9. Bxc4 c5 10. Ne2 b5 11. Bb3 c4 12. Bc2 Nc6 13. Bg5 Be6 14. O-O-O Be7 15. Be3 O-O 16. Nf4 Rfd8 17. Bb6 Rdb8 18. Bc7 Rb7 19. Bd6 b4 20. Na4 b3 21. axb3 cxb3 22. Bd3 Bxd6 0-1

[Event "November 21 Early 2023"]
[Site "https://www.chess.com"]
[Date "2023.11.21"]
[Round "2"]
[White "Estrada Nieto, Julian"]
[Black "SeLaPegoACualquiera"]
[Result "0-1"]
[Board "232"]
[TimeControl "180+1"]
[WhiteFideId "5101018"]
[WhiteElo "2161"]
[BlackElo "2145"]
[WhiteTeam "ESP"]
[WhiteClock "0:00:01"]
[BlackClock "0:00:21"]

1. e4 d5 2. exd5 Qxd5 3. Nc3 Qa5 4. d4 c6 5. Nf3 Nf6 6. Bc4 Bg4 7. h3 Bh5 8. g4 Bg6 9. Ne5 Nbd7 10. f4 Be4 11. O-O Nxe5 12. fxe5 Bd5 13. Qe2 Bxc4 14. Qxc4 Nd5 15. e6 f6 16. Bd2 O-O-O 17. Nxd5 Qxd5 18. Qxd5 Rxd5 19. Bc3 h5 20. Kg2 hxg4 21. hxg4 Rh4 22. Kg3 g5 23. Rh1 Bh6 24. Rxh4 gxh4+ 25. Kxh4 Bg5+ 26. Kg3 Kc7 27. Kf3 a5 28. Re1 Kd6 29. b3 f5 30. gxf5 Rxf5+ 31. Kg4 Rd5 32. Bb2 Bf6 33. c4 Rg5+ 34. Kf4 Rg2 35. Ba3+ Kc7 36. d5 Rxa2 37. d6+ Kd8 38. dxe7+ Bxe7 39. Rd1+ Ke8 40. Bxe7 Kxe7 41. Rd7+ Kxe6 42. Rxb7 Kd6 43. Ke4 Kc5 44. Ke5 Re2+ 45. Kf4 Rb2 46. Ke4 a4 47. b4+ Rxb4 48. Ra7 Rxc4+ 49. Kd3 Rc1 50. Kd2 Rc4 51. Kd3 Rh4 52. Kc2 Kb6 53. Ra8 Kb5 54. Kb2 Rh2+ 55. Ka3 Rh3+ 56. Ka2 c5 57. Rb8+ Kc4 58. Ra8 Kb4 59. Rb8+ Ka5 60. Ra8+ Kb5 61. Rb8+ Kc6 62. Ra8 a3 63. Ra7 Kd5 64. Ra4 c4 65. Ra8 Kd4 66. Rd8+ Kc3 67. Rc8 Kb4 68. Rb8+ Kc5 69. Rc8+ Kd5 70. Rd8+ Kc6 71. Rc8+ Kb5 72. Rb8+ Ka4 73. Ra8+ Kb4 74. Rb8+ Kc3 75. Kxa3 Kd2+ 76. Ka2 c3 77. Rd8+ Kc1 78. Rc8 Kc2 79. Rc7 Rh6 80. Rc8 Ra6# 0-1

[Event "November 21 Early 2023"]
[Site "https://www.chess.com"]
[Date "2023.11.21"]
[Round "2"]
[White "Novikova, Anna"]
[Black "topce"]
[Result "0-1"]
[Board "233"]
[TimeControl "180+1"]
[WhiteFideId "4146794"]
[WhiteElo "2110"]
[BlackElo "2450"]
[WhiteTeam "MNE"]
[WhiteClock "0:00:15"]
[BlackClock "0:00:32"]

1. e4 c5 2. Nf3 Nc6 3. d4 cxd4 4. Nxd4 e5 5. Nf3 Nf6 6. Nc3 Bc5 7. Bc4 h6 8. O-O d6 9. h3 O-O 10. Na4 Nxe4 11. Bd5 Nf6 12. Bxc6 bxc6 13. Nxc5 e4 14. Nb3 exf3 15. Qxf3 Qc7 16. Bxh6 Nd5 17. Qg3 f5 18. Nd4 f4 19. Qg5 Kh8 20. Nxc6 gxh6 21. Qxd5 Bb7 22. Qd4+ Kh7 23. Nb4 Rg8 24. Nd5 Qf7 25. Nxf4 Qxf4 26. Qxf4 Rxg2+ 27. Kh1 Rg4+ 28. Kh2 Rxf4 29. Rad1 d5 30. Rd3 Raf8 31. Kg2 d4+ 32. Kg3 R8f7 33. Rfd1 Rxf2 34. R1d2 R2f3+ 35. Rxf3 Rxf3+ 36. Kg2 Rf4+ 37. Kg3 Re4 38. Kf3 Rh4+ 39. Kg3 Re4 40. Kf3 Kg6 41. Rg2+ Kf5 42. Re2 Rxe2+ 43. Kxe2 Ke4 44. Kd2 Bc8 45. c3 d3 46. c4 Bxh3 47. b4 Be6 48. c5 Bxa2 49. b5 Bc4 50. b6 axb6 51. cxb6 Bd5 0-1

[Event "November 21 Early 2023"]
[Site "https://www.chess.com"]
[Date "2023.11.21"]
[Round "2"]
[White "ATM622"]
[Black "Ghosh, Chanchal Kumer"]
[Result "1-0"]
[Board "234"]
[TimeControl "180+1"]
[BlackFideId "10201858"]
[WhiteElo "2449"]
[BlackElo "2067"]
[BlackTeam "BAN"]
[WhiteClock "0:01:50"]
[BlackClock "0:00:00"]

1. d4 d5 2. c4 e6 3. Nf3 Nf6 4. g3 b6 5. Bg2 Bb7 6. O-O Nbd7 7. Nbd2 Bd6 8. Qc2 O-O 9. b3 e5 10. dxe5 Nxe5 11. Bb2 dxc4 12. Nxe5 Bxg2 13. Kxg2 Bxe5 14. Bxe5 Qd5+ 15. Nf3 cxb3 16. Qxb3 Qe4 17. Qd3 Qxd3 18. exd3 Nd5 19. Rac1 c5 20. d4 Rfc8 21. dxc5 bxc5 22. Bd6 c4 23. Rfd1 Nb6 24. Rd4 f6 25. Nd2 c3 26. Nb1 Rc6 27. Rxc3 Rac8 28. Rxc6 Rxc6 29. Bb4 Nc4 30. Nc3 a5 31. Be7 Kf7 32. Rd7 Ke6 33. Ra7 h5 34. Ne2 1-0

[Event "November 21 Early 2023"]
[Site "https://www.chess.com"]
[Date "2023.11.21"]
[Round "2"]
[White "Ahn, Hongjin"]
[Black "Elbebiber"]
[Result "1-0"]
[Board "235"]
[TimeControl "180+1"]
[WhiteFideId "13201492"]
[WhiteElo "2182"]
[BlackElo "2136"]
[WhiteTeam "KOR"]
[WhiteClock "0:01:27"]
[BlackClock "0:00:10"]

1. e4 d5 2. exd5 Nf6 3. Nf3 Nxd5 4. Be2 Bf5 5. d4 e6 6. O-O Be7 7. c4 Nb6 8. Nc3 O-O 9. b3 Bf6 10. Bb2 Nc6 11. d5 exd5 12. c5 Nc8 13. Qd2 N8e7 14. Rad1 a6 15. Na4 Bxb2 16. Qxb2 Qd7 17. Bc4 Rad8 18. Nc3 d4 19. Ne2 Be4 20. Nfxd4 Nxd4 21. Rxd4 Qf5 22. Ng3 Qe5 23. Rd2 Qxb2 24. Rxb2 Bg6 25. Re1 Nc6 26. h4 h5 27. Rbe2 Nd4 28. Re7 b5 29. cxb6 cxb6 30. Bxa6 Ra8 31. Bc4 Rxa2 32. Rd1 Nc2 33. Rdd7 Ra1+ 34. Kh2 Re1 35. Ne2 Nb4 36. Nf4 Rxe7 37. Rxe7 Kh7 38. f3 Nc6 39. Rb7 Ne5 40. Rxb6 Nxc4 41. bxc4 Rc8 42. Nxg6 fxg6 43. Rb4 Rc5 44. Kg3 Kh6 45. Kf4 Kh7 46. Ke3 Kh6 47. Kd4 Rc8 48. c5 g5 49. Rb6+ Kh7 50. hxg5 Kg8 51. g6 Kf8 52. Rb7 Rd8+ 53. Ke5 Rd2 54. c6 1-0

[Event "November 21 Early 2023"]
[Site "https://www.chess.com"]
[Date "2023.11.21"]
[Round "2"]
[White "DonCiao"]
[Black "Kassimov, Baurzhan"]
[Result "0-1"]
[Board "236"]
[TimeControl "180+1"]
[BlackFideId "13704800"]
[WhiteElo "2127"]
[BlackElo "2220"]
[BlackTeam "KAZ"]
[WhiteClock "0:00:00"]
[BlackClock "0:00:13"]

1. c4 Nf6 2. g3 g6 3. Bg2 Bg7 4. Nc3 O-O 5. e4 d6 6. Nge2 c5 7. O-O Nc6 8. d3 Ne8 9. Be3 Nc7 10. d4 b6 11. e5 Bb7 12. exd6 exd6 13. d5 Ne5 14. b3 a6 15. a4 Re8 16. h3 h6 17. Qd2 Kh7 18. Kh2 Qf6 19. Ne4 Nf3+ 20. Bxf3 Qxf3 21. N4c3 b5 22. axb5 axb5 23. Rxa8 Rxa8 24. Ng1 Qf6 25. Ne4 Qe7 26. Qc2 bxc4 27. bxc4 Nxd5 28. cxd5 Bxd5 29. Nd2 Ra2 30. Qd3 Bc6 31. Nb3 Qe6 32. Nc1 c4 33. Qd1 Qe4 34. Nf3 Rb2 0-1

[Event "November 21 Early 2023"]
[Site "https://www.chess.com"]
[Date "2023.11.21"]
[Round "2"]
[White "Rosenberg, Evan S"]
[Black "Fernandez Hernandez, Gerardo"]
[Result "1-0"]
[Board "237"]
[TimeControl "180+1"]
[WhiteFideId "2019299"]
[BlackFideId "2207400"]
[WhiteElo "2445"]
[BlackElo "2124"]
[WhiteTeam "USA"]
[BlackTeam "ESP"]
[WhiteClock "0:00:40"]
[BlackClock "0:00:18"]

1. d4 Nf6 2. Nf3 g6 3. Nc3 d5 4. Bf4 a6 5. Qd2 c5 6. dxc5 Qa5 7. O-O-O e6 8. Bd6 Nbd7 9. Qd4 Bg7 10. Kb1 Rg8 11. Qa4 Qxa4 12. Nxa4 Ne4 13. Bg3 Ndxc5 14. Nxc5 Nxc5 15. e3 Ne4 16. Bd3 Nxg3 17. hxg3 h5 18. e4 Bd7 19. exd5 exd5 20. Rhe1+ Kd8 21. c3 Re8 22. Rxe8+ Kxe8 23. Re1+ Kf8 24. Ne5 Be6 25. Nxg6+ fxg6 26. Rxe6 g5 27. Rd6 Re8 28. Rxd5 Re1+ 29. Kc2 Bf6 30. Rd7 Re7 31. Rxe7 Kxe7 32. a4 a5 33. b4 axb4 34. cxb4 Kd6 35. Be4 b6 36. a5 bxa5 37. bxa5 Kc5 38. a6 Kb6 39. Bb7 Bd4 40. f3 Bf2 41. g4 hxg4 42. fxg4 Be3 43. Kd3 Bf4 44. Ke4 Bc1 45. Kf5 Bd2 46. Ke6 Bc1 47. Kd7 Ka7 48. Kc6 Bd2 49. Kb5 Bc1 50. Bc8 Bd2 51. Kc6 Bc1 52. Kd7 Be3 53. Bb7 Bc1 54. Ke6 Bd2 55. Ke5 Bc1 56. Ke4 Bd2 57. Kf3 Bc1 58. g3 Bf4 59. gxf4 1-0

[Event "November 21 Early 2023"]
[Site "https://www.chess.com"]
[Date "2023.11.21"]
[Round "2"]
[White "udithj22"]
[Black "Swicarz, Maciej"]
[Result "0-1"]
[Board "238"]
[TimeControl "180+1"]
[BlackFideId "1113585"]
[WhiteElo "2113"]
[BlackElo "2127"]
[BlackTeam "POL"]
[WhiteClock "0:00:03"]
[BlackClock "0:00:03"]

1. d4 Nf6 2. Bg5 c5 3. d5 Ne4 4. h4 Qb6 5. Nd2 Nxd2 6. Bxd2 Qxb2 7. Nf3 d6 8. Rb1 Qxa2 9. e4 a6 10. c4 b5 11. cxb5 axb5 12. Bxb5+ Bd7 13. O-O Bxb5 14. Rxb5 Nd7 15. Re1 f6 16. Rb7 g6 17. Bc3 Bg7 18. Ng5 Ra7 19. Rxa7 Qxa7 20. Ne6 Kf7 21. Qg4 Bh6 22. h5 g5 23. Rb1 Rb8 24. Rxb8 Qxb8 25. Qf5 Kg8 26. Nxg5 Bxg5 27. Qxd7 Qb1+ 28. Kh2 Qxe4 29. Qe8+ Kg7 30. h6+ Bxh6 31. Qd7 Bg5 32. Qh3 Qf4+ 33. g3 Qxf2+ 34. Kh1 Qf3+ 35. Qg2 Qxc3 36. Qe2 Qe5 37. Qg4 Qxd5+ 38. Kh2 Qe5 39. Qe2 Qxe2+ 0-1

[Event "November 21 Early 2023"]
[Site "https://www.chess.com"]
[Date "2023.11.21"]
[Round "2"]
[White "Osiecki, Stanislaw"]
[Black "Minko, Dmitry"]
[Result "0-1"]
[Board "239"]
[TimeControl "180+1"]
[WhiteFideId "1102990"]
[BlackFideId "24188468"]
[WhiteElo "2048"]
[BlackElo "1992"]
[WhiteTeam "POL"]
[BlackTeam "FID"]
[WhiteClock "0:00:00"]
[BlackClock "0:00:12"]

1. e4 e5 2. Nf3 Nc6 3. Bb5 Nf6 4. d3 Ne7 5. Nxe5 c6 6. Bc4 Qa5+ 7. Nc3 Qxe5 8. O-O d5 9. exd5 cxd5 10. Re1 Qd6 11. Nb5 Qd8 12. Bf4 dxc4 13. Nc7+ Qxc7 14. Bxc7 Be6 15. dxc4 Nc6 16. Bd6 Rd8 17. c5 Bxd6 18. cxd6 O-O 19. c3 Rd7 20. b4 a6 21. a4 Rfd8 22. b5 Rxd6 23. Qe2 Na5 24. Red1 h6 25. Rxd6 Rxd6 26. h3 Bc4 27. Qe5 Re6 28. Qb8+ Kh7 29. bxa6 Bxa6 30. Qf8 Rc6 31. Qxf7 Rxc3 32. Re1 Nc6 33. Qe6 Rc5 34. Qf7 Rg5 35. Kh2 Rf5 36. Qe6 Rxf2 37. Rd1 Rf4 38. Kg3 Rxa4 39. Qe3 Re4 40. Qd2 Ne5 41. Qc2 Kg8 42. Qc8+ Kh7 43. Rg1 Re3+ 44. Kh2 Re2 45. Qc7 Nf3+ 46. Kh1 Nxg1 0-1

[Event "November 21 Early 2023"]
[Site "https://www.chess.com"]
[Date "2023.11.21"]
[Round "2"]
[White "PoXerStar"]
[Black "Lakshmi C"]
[Result "1-0"]
[Board "240"]
[TimeControl "180+1"]
[BlackFideId "25035347"]
[WhiteElo "2442"]
[BlackElo "1942"]
[BlackTeam "IND"]
[WhiteClock "0:02:34"]
[BlackClock "0:00:00"]

1. d4 Nf6 2. Bf4 d6 3. e3 Nbd7 4. Nf3 Nh5 5. Bg5 h6 6. Bh4 g5 7. Nfd2 Nhf6 8. Bg3 Bg7 9. c4 h5 10. h4 g4 11. Nc3 b6 12. Qc2 Bb7 13. O-O-O c5 14. d5 a6 15. Bd3 Qc7 16. f3 O-O-O 17. Rhf1 Bh6 18. Bf4 Bxf4 19. exf4 Kb8 20. Nde4 1-0

[Event "November 21 Early 2023"]
[Site "https://www.chess.com"]
[Date "2023.11.21"]
[Round "2"]
[White "Nikulina, Alena"]
[Black "Astafurov, Arseniy"]
[Result "0-1"]
[Board "241"]
[TimeControl "180+1"]
[WhiteFideId "4172051"]
[BlackFideId "24175218"]
[WhiteElo "1627"]
[BlackElo "2170"]
[WhiteTeam "RUS"]
[BlackTeam "RUS"]
[WhiteClock "0:00:09"]
[BlackClock "0:00:54"]

1. e4 e6 2. d4 d5 3. exd5 exd5 4. c4 Nf6 5. Nc3 Bb4 6. Nf3 O-O 7. Bd3 dxc4 8. Bxc4 Nbd7 9. O-O Nb6 10. Bb3 Bg4 11. Bg5 c6 12. a3 Be7 13. Be3 Nfd5 14. h3 Bh5 15. g4 Bg6 16. Ne5 Nxc3 17. bxc3 Nd5 18. Qd2 Qa5 19. c4 Qxd2 20. Bxd2 Nf6 21. Bb4 Bxb4 22. axb4 Rfd8 23. Rfd1 a6 24. f4 Be4 25. Kf2 h5 26. g5 Ne8 27. Ke3 Bf5 28. d5 cxd5 29. cxd5 Rac8 30. Rac1 Nd6 31. h4 Bg4 32. Nxg4 hxg4 33. Kd2 Kf8 34. Rxc8 Rxc8 35. Rg1 g3 36. Kd3 Nf5 37. Ke4 g6 38. h5 Rc3 39. hxg6 fxg6 40. Bd1 Re3# 0-1

[Event "November 21 Early 2023"]
[Site "https://www.chess.com"]
[Date "2023.11.21"]
[Round "2"]
[White "Blackwhite017"]
[Black "Della Morte, German"]
[Result "0-1"]
[Board "242"]
[TimeControl "180+1"]
[BlackFideId "113522"]
[WhiteElo "2039"]
[BlackElo "2306"]
[BlackTeam "ARG"]
[WhiteClock "0:00:00"]
[BlackClock "0:01:36"]

1. e4 c6 2. Nf3 d5 3. exd5 cxd5 4. Ne5 Nf6 5. d4 Nc6 6. Bb5 Bd7 7. Nxd7 Qxd7 8. c3 e6 9. O-O Bd6 10. Qe2 O-O 11. Bg5 a6 12. Bd3 Be7 13. Nd2 Rae8 14. h4 h6 15. Be3 Bd6 16. f4 Qc7 17. Bc2 Nd7 18. Qd3 f5 19. Qe2 Nf6 20. Qf3 Ne4 21. Nxe4 fxe4 22. Qh3 Bxf4 0-1

[Event "November 21 Early 2023"]
[Site "https://www.chess.com"]
[Date "2023.11.21"]
[Round "2"]
[White "leonidsh29"]
[Black "Bogaudinov, Rushan"]
[Result "0-1"]
[Board "243"]
[TimeControl "180+1"]
[BlackFideId "4129288"]
[WhiteElo "2032"]
[BlackElo "1908"]
[BlackTeam "RUS"]
[WhiteClock "0:00:00"]
[BlackClock "0:00:07"]

1. d4 Nf6 2. c4 e6 3. Nf3 b6 4. g3 Bb4+ 5. Bd2 Be7 6. Bg2 Bb7 7. Nc3 O-O 8. O-O d5 9. cxd5 Nxd5 10. Qc2 Nd7 11. e4 Nb4 12. Qb3 c5 13. a3 Nc6 14. d5 Na5 15. Qd1 Bf6 16. dxe6 fxe6 17. Qe2 Qc8 18. Nb5 Ba6 19. a4 Bxb2 20. Rab1 Bf6 21. Bxa5 bxa5 22. e5 Be7 23. Nd2 Rb8 24. Nc4 Nb6 25. Qc2 Nxc4 26. Qxc4 Rd8 27. Rfc1 Rd4 28. Qa2 Rb4 29. Rxb4 axb4 30. Nxa7 Qc7 31. Nc6 Bc8 32. Nxb8 Qxb8 33. Qb3 Qxe5 34. a5 Ba6 35. Bf1 Bxf1 36. Rxf1 Kf7 37. a6 Qc7 38. Qa4 Qa7 39. Qb5 b3 40. Qb7 Qxb7 41. axb7 Bd6 42. Rd1 Bb8 43. Rd8 b2 44. Rxb8 b1=Q+ 45. Kg2 Kg6 46. h4 h5 47. f4 c4 48. Kf3 c3 49. Rh8 Qxb7+ 0-1

[Event "November 21 Early 2023"]
[Site "https://www.chess.com"]
[Date "2023.11.21"]
[Round "2"]
[White "Subramanian, Anusha"]
[Black "Vedder, Richard"]
[Result "0-1"]
[Board "244"]
[TimeControl "180+1"]
[WhiteFideId "477710"]
[BlackFideId "1004166"]
[WhiteElo "1774"]
[BlackElo "2168"]
[WhiteTeam "ENG"]
[BlackTeam "NED"]
[WhiteClock "0:01:18"]
[BlackClock "0:01:21"]

1. e4 e5 2. Nf3 Nc6 3. Bb5 a6 4. Ba4 Nf6 5. O-O Nxe4 6. Re1 Nc5 7. Bb3 Nxb3 8. axb3 Be7 9. Nxe5 Nxe5 10. Rxe5 O-O 11. d4 d5 12. Nd2 Bd6 13. Re1 Qh4 14. g3 Qxd4 15. Nf3 Qxd1 16. Rxd1 c6 17. c4 Bg4 18. Rd3 Rad8 19. cxd5 cxd5 20. Kg2 Bxf3+ 21. Kxf3 Be5 22. Ra5 Rc8 23. Raxd5 Bf6 24. Bg5 Bxb2 25. Rd7 b5 26. Ra7 Ra8 27. Rdd7 h6 28. Be7 Rxa7 29. Rxa7 Rc8 30. Rxa6 Rc3+ 31. Kg4 Rxb3 32. f4 Bc3 33. Rb6 b4 34. f5 Rb2 35. h4 Be1 36. h5 Rb3 37. Bc5 Rxg3+ 38. Kf4 b3 39. Bd4 Rd3 40. Be5 Rh3 41. f6 gxf6 42. Bxf6 Rxh5 43. Rb8+ Kh7 44. Rh8+ Kg6 45. Bc3 Bxc3 46. Rg8+ Kf6 47. Rg3 Be5+ 48. Kg4 Bxg3 49. Kxh5 b2 50. Kxh6 b1=Q 51. Kh5 Qf5+ 52. Kh6 Qg6# 0-1

[Event "November 21 Early 2023"]
[Site "https://www.chess.com"]
[Date "2023.11.21"]
[Round "2"]
[White "Zoete, Roelant"]
[Black "Mirza, Diana"]
[Result "1-0"]
[Board "245"]
[TimeControl "180+1"]
[WhiteFideId "40103269"]
[BlackFideId "2503999"]
[WhiteElo "2437"]
[BlackElo "1813"]
[WhiteTeam "NED"]
[BlackTeam "IRL"]
[WhiteClock "0:01:11"]
[BlackClock "0:01:52"]

1. e4 c5 2. Nf3 e6 3. d4 cxd4 4. Nxd4 a6 5. Nc3 Qc7 6. Be3 Nf6 7. f3 Bb4 8. Bd2 O-O 9. a3 Be7 10. Be2 Nc6 11. Be3 d5 12. exd5 Nxd5 13. Nxd5 exd5 14. O-O Ne5 15. f4 Nc4 16. Bc1 Bc5 17. b3 Qb6 18. c3 Nd6 19. Kh1 Nf5 20. Nxf5 Bxf5 21. Qxd5 Be6 22. Qg5 Qxb3 23. Qxc5 Rac8 24. Qe5 Qxc3 25. Bb2 1-0

[Event "November 21 Early 2023"]
[Site "https://www.chess.com"]
[Date "2023.11.21"]
[Round "2"]
[White "LangesNasenhaar"]
[Black "Castillo Pena, Patricia Evarista"]
[Result "1-0"]
[Board "246"]
[TimeControl "180+1"]
[BlackFideId "6412106"]
[WhiteElo "2433"]
[BlackElo "1861"]
[BlackTeam "DOM"]
[WhiteClock "0:00:57"]
[BlackClock "0:00:12"]

1. d4 d5 2. Nc3 Nf6 3. Bf4 Bf5 4. e3 c5 5. Nb5 Na6 6. c3 e6 7. Nf3 Be7 8. Ne5 O-O 9. g4 Bg6 10. h4 h5 11. Nxg6 fxg6 12. g5 Ne4 13. f3 Nd6 14. Qc2 cxd4 15. Nxd4 Rxf4 16. exf4 Qc8 17. Qxg6 Nc5 18. Qxh5 Qe8 19. Qxe8+ Rxe8 20. Bh3 Nf5 21. Nxf5 exf5 22. O-O-O Ne6 23. Rxd5 Nxf4 24. Rxf5 Nxh3 25. Rxh3 Bd6 26. Rd5 Bf4+ 27. Kc2 Re2+ 28. Kb3 g6 29. h5 gxh5 30. Rxh5 Rf2 31. Rd7 Rg2 32. Rxb7 Rg3 33. Rhh7 Rxg5 34. Rhd7 Rf5 35. Rd8+ Rf8 36. Rxf8+ Kxf8 37. Rxa7 1-0

[Event "November 21 Early 2023"]
[Site "https://www.chess.com"]
[Date "2023.11.21"]
[Round "2"]
[White "szachmistrz2500"]
[Black "GMT4114"]
[Result "1-0"]
[Board "247"]
[TimeControl "180+1"]
[WhiteElo "2430"]
[BlackElo "1965"]
[WhiteClock "0:01:42"]
[BlackClock "0:00:24"]

1. e4 e6 2. Nf3 d5 3. d3 dxe4 4. dxe4 Qxd1+ 5. Kxd1 Bc5 6. Be3 Nd7 7. Ke2 Ngf6 8. Nbd2 O-O 9. h3 Bb6 10. g4 Rd8 11. Bg2 Bxe3 12. Kxe3 Nb6 13. b3 Bd7 14. Rhd1 Bc6 15. Ne5 Be8 16. c4 Nfd7 17. Nd3 f6 18. e5 Bg6 19. exf6 gxf6 20. Nf4 c6 21. Nxg6 hxg6 22. Ne4 Kf7 23. a3 Ne5 24. f4 Ned7 25. Nd6+ Ke7 26. Nxb7 Rdc8 27. Na5 Rc7 28. Nxc6+ Kf7 29. Rd6 Rac8 30. Rad1 Nc5 31. b4 Nb3 32. c5 Nc4+ 33. Ke2 Nxd6 34. Rxd6 f5 35. Ne5+ Kf6 36. Kd3 a5 37. Kc3 a4 38. g5+ Kg7 39. Rxe6 Nxc5 40. Rxg6+ Kh7 41. bxc5 Rxc5+ 42. Kd4 Rxe5 43. Rh6+ Kg7 44. Kxe5 1-0

[Event "November 21 Early 2023"]
[Site "https://www.chess.com"]
[Date "2023.11.21"]
[Round "2"]
[White "Zepeda Berlanga, Jan Enrique"]
[Black "Daniel_Salinas"]
[Result "0-1"]
[Board "248"]
[TimeControl "180+1"]
[WhiteFideId "5132355"]
[WhiteElo "1680"]
[BlackElo "2429"]
[WhiteTeam "MEX"]
[WhiteClock "0:00:44"]
[BlackClock "0:00:28"]

1. e4 d6 2. b3 Nf6 3. Nc3 e5 4. Nf3 Nc6 5. d4 exd4 6. Nxd4 Be7 7. Bb5 Bd7 8. Bb2 O-O 9. O-O Nxd4 10. Qxd4 Bxb5 11. Nxb5 Qd7 12. c4 Rfe8 13. Rad1 a6 14. Nc3 Qe6 15. Nd5 Bd8 16. Rfe1 c6 17. Nf4 Qg4 18. e5 dxe5 19. Rxe5 Rxe5 20. Qxe5 Qxd1+ 0-1

[Event "November 21 Early 2023"]
[Site "https://www.chess.com"]
[Date "2023.11.21"]
[Round "2"]
[White "Kuznetsova, Olga"]
[Black "IsaqueGoncalvesSanto"]
[Result "1-0"]
[Board "249"]
[TimeControl "180+1"]
[WhiteFideId "4191323"]
[WhiteElo "2134"]
[BlackElo "1910"]
[WhiteTeam "RUS"]
[WhiteClock "0:01:05"]
[BlackClock "0:00:00"]

1. d4 d5 2. Bf4 Bf5 3. e3 Nd7 4. Nd2 Ngf6 5. c4 c6 6. Qb3 Qb6 7. c5 Qxb3 8. axb3 Nh5 9. b4 Nxf4 10. exf4 h6 11. b5 e6 12. b4 Be7 13. Ngf3 O-O 14. Be2 Nf6 15. O-O Ne4 16. Ra3 Bf6 17. Nxe4 dxe4 18. Ne5 cxb5 19. Bxb5 a6 20. Ba4 Rfd8 21. Rd1 g5 22. Nd7 Bg7 23. Nb6 Rab8 24. d5 exd5 25. Nxd5 Bg4 26. f3 exf3 27. gxf3 Bxf3 28. Rxf3 g4 29. Rfd3 Kh8 30. Ne7 Rxd3 31. Rxd3 b5 32. c6 bxa4 33. c7 Re8 34. Ra3 1-0

[Event "November 21 Early 2023"]
[Site "https://www.chess.com"]
[Date "2023.11.21"]
[Round "2"]
[White "Saim, Mohamed Ilias"]
[Black "Yeritsyan, Hayk"]
[Result "0-1"]
[Board "250"]
[TimeControl "180+1"]
[WhiteFideId "7900465"]
[BlackFideId "13307320"]
[WhiteElo "2063"]
[BlackElo "2130"]
[WhiteTeam "ALG"]
[BlackTeam "ARM"]
[WhiteClock "0:00:27"]
[BlackClock "0:01:43"]

1. c4 Nf6 2. g3 h5 3. Bg2 h4 4. d4 d6 5. Nc3 Nc6 6. Bg5 h3 7. Bf1 e6 8. e4 Be7 9. Nxh3 e5 10. dxe5 Nxe5 11. Nf4 c6 12. Bg2 Nxc4 13. O-O Ne5 14. Rc1 Bg4 15. f3 Bd7 16. Re1 Qb6+ 17. Kh1 Qf2 18. Rf1 Qxg3 0-1

[Event "November 21 Early 2023"]
[Site "https://www.chess.com"]
[Date "2023.11.21"]
[Round "2"]
[White "Gyulamiryan-koryun"]
[Black "Avalos Parra, Joao"]
[Result "0-1"]
[Board "251"]
[TimeControl "180+1"]
[BlackFideId "3402541"]
[WhiteElo "1902"]
[BlackElo "2173"]
[BlackTeam "CHI"]
[WhiteClock "0:00:00"]
[BlackClock "0:00:18"]

1. e4 e5 2. Nf3 Nc6 3. d4 exd4 4. Bc4 Nf6 5. c3 Nxe4 6. Nxd4 d5 7. Bb5 Bd7 8. Bxc6 bxc6 9. O-O Be7 10. f3 Nf6 11. f4 O-O 12. f5 c5 13. Ne2 Bb5 14. a4 Ba6 15. Rf3 Re8 16. Ng3 Bd6 17. Bf4 Bxf4 18. Rxf4 Qd6 19. Rf2 h5 20. Nd2 h4 21. Nh5 Nxh5 22. Qxh5 Qf6 23. Nf3 Be2 24. Qxh4 Qxh4 25. Nxh4 Rab8 26. f6 Rxb2 27. Nf5 gxf6 28. Ng3 d4 29. Re1 d3 30. Nxe2 Rexe2 31. Rfxe2 dxe2 32. Kf2 Rc2 33. Rxe2 Rxc3 34. Re7 Rc2+ 35. Kf3 Ra2 36. Rxc7 Rxa4 37. Rxc5 Kg7 38. g3 Kg6 39. h4 a5 40. g4 Ra1 41. h5+ Kh6 42. Rc7 Kg7 43. Ke4 a4 0-1

[Event "November 21 Early 2023"]
[Site "https://www.chess.com"]
[Date "2023.11.21"]
[Round "2"]
[White "Srebrnic, Marko"]
[Black "bn1462"]
[Result "1-0"]
[Board "252"]
[TimeControl "180+1"]
[WhiteFideId "14603616"]
[WhiteElo "2322"]
[BlackElo "1858"]
[WhiteTeam "SLO"]
[WhiteClock "0:01:36"]
[BlackClock "0:00:00"]

1. e4 c5 2. Nf3 Nc6 3. g3 g6 4. Bg2 Bg7 5. O-O e5 6. c3 Nge7 7. Qe2 O-O 8. Rd1 d6 9. Na3 f5 10. d3 h6 11. h3 Be6 12. Nc2 d5 13. Nh2 Qd7 14. Be3 d4 15. Bc1 Kh7 16. cxd4 cxd4 17. h4 Rac8 18. f4 fxe4 19. Bxe4 Nf5 20. Qg2 a5 21. a3 a4 22. h5 Na5 23. hxg6+ Kg8 24. Nb4 Nb3 25. Rb1 Rfd8 26. Nf1 Rc7 27. Bd2 Rdc8 28. Be1 b5 29. Bf2 1-0